[Event "Team 45 45 League T45"]
[Site "Internet Chess Club"]
[Date "2010.05.30"]
[Round "4"]
[White "lawth3"]
[Black "JimGaming"]
[Result "0-1"]
[WhiteElo "1027"]
[BlackElo "1297"]
[Opening "Bogo-Indian defense, Nimzovich variation"]
[ECO "E11"]
[Time "14:00:26"]
[TimeControl "2700+45"]

1. d4 Nf6 2. c4 e6 3. Nf3 Bb4+ 4. Bd2 Qe7 5. a3 Bxd2+ 6. Qxd2 O-O 7. Nc3 d6 8.
e4 e5 9. Nd5 Nxd5 10. cxd5 b6 11. Rc1 f6 12. Bd3 Ba6 13. O-O Bxd3 14. Qxd3 Rc8
15. Rc4 b5 16. Rc3 a6 17. b4 Nd7 18. Rfc1 Nb6 19. Nd2 Na4 20. R3c2 exd4 21. Nb3
Nc3 22. Re1 c5 23. f3 Nxd5 24. Rec1 Nc3 25. Nxd4 cxd4 26. Kf1 Qe5 27. g3 d5 28.
f4 dxe4 29. Qd2 e3 30. Qd3 Qd5 31. Rxc3 Rxc3 32. Rxc3 Qf3+ 33. Ke1 Qh1+ 34. Ke2
Qxh2+ 35. Kd1 Rd8 36. Rc6 Qxg3 37. Qe4 Qg1+ 38. Kc2 Qf2+ 39. Kb3 Qd2 40. Rd6
Qd1+ 41. Ka2 Qd2+ 42. Kb3 Qc3+ 43. Ka2 Qc4+ 44. Kb1 Qb3+ 45. Kc1 Qxa3+ 46. Kd1
Qb3+ 47. Ke2 Qb2+ 48. Kf3 Qf2+ 49. Kg4 Qg1+ 50. Kf5 Qg6+ {White resigns} 0-1

[Event "Team 45 45 League T45"]
[Site "Internet Chess Club"]
[Date "2010.05.31"]
[Round "4"]
[White "rgadoury"]
[Black "jjaillet2007"]
[Result "1-0"]
[WhiteElo "1275"]
[BlackElo "1213"]
[Opening "French: Marshall variation"]
[ECO "C10"]
[Time "20:00:55"]
[TimeControl "2700+45"]

1. e4 e6 2. d4 d5 3. Nc3 c5 4. Nf3 Nc6 5. Bb5 a6 6. Bxc6+ bxc6 7. O-O Nf6 8. Bg5
Be7 9. Re1 Nxe4 10. Bxe7 Nxc3 11. Bxd8 Nxd1 12. Raxd1 Kxd8 13. Ne5 Ke7 14. dxc5
Bb7 15. Rd4 f6 16. Nd3 Rhe8 17. f4 Kf7 18. Kf2 a5 19. a4 Ba6 20. Re3 Bxd3 21.
Rdxd3 e5 22. fxe5 Rxe5 23. Rxe5 fxe5 24. Rb3 Kg6 25. Rb6 Rf8+ 26. Kg3 e4 27.
Rxc6+ Rf6 28. Rxf6+ Kxf6 29. Kf4 g5+ 30. Ke3 Ke5 31. c3 h5 32. g3 Ke6 33. b4 Kd7
34. b5 h4 35. g4 h3 36. Kd4 Kc7 37. c4 dxc4 38. Kxc4 e3 39. Kd3 e2 40. Kxe2 Kd7
41. Ke3 Ke6 42. Ke4 Kd7 43. Kf5 Ke7 44. Kxg5 Ke6 45. b6 Kd7 46. Kf6 Kc6 47. g5
Kxc5 48. b7 {Black resigns} 1-0

[Event "Team 45 45 League T45"]
[Site "Internet Chess Club"]
[Date "2010.05.29"]
[Round "4"]
[White "kabubi"]
[Black "MeansToAnEnd"]
[Result "0-1"]
[WhiteElo "1172"]
[BlackElo "1209"]
[Opening "Two knights defense"]
[ECO "C55"]
[Time "14:04:35"]
[TimeControl "2700+45"]

1. e4 e5 2. Nf3 Nc6 3. Bc4 Nf6 4. d4 Bd6 5. O-O O-O 6. Re1 a6 7. Nc3 b5 8. Bb3
Bb7 9. a3 Re8 10. Ng5 Re7 11. Qh5 Qf8 12. Qh3 Nxd4 13. Bd2 Nxb3 14. cxb3 h6 15.
Nf3 Bc5 16. Rf1 d5 17. exd5 Nxd5 18. Qf5 Bd6 19. Rfe1 Rae8 20. Re2 f6 21. Nh4
Qf7 22. Re4 Nxc3 23. Rg4 Bc8 24. Qf3 Bxg4 25. Qxg4 Nd5 26. Bxh6 Nf4 27. Nf5 Qg6
28. Nxe7+ Rxe7 29. Qc8+ Re8 30. Qb7 Qxh6 31. Qxa6 Qg6 32. g3 Rb8 33. Qc6 Rb6 34.
Qf3 Nh3+ 35. Kf1 Ng5 36. Qd5+ Qf7 37. Qd3 Qe6 38. b4 c5 39. bxc5 Bxc5 40. Qd8+
Bf8 41. Rc1 Rc6 42. Rd1 Rd6 43. Rxd6 Qxd6 44. Qe8 Qd1+ 45. Kg2 Qf3+ 46. Kf1 Qh1+
47. Ke2 Qxh2 48. Qxb5 Qh5+ 49. Kf1 Qh1+ 50. Ke2 Qf3+ 51. Kf1 e4 52. Qd5+ Kh7 53.
a4 Qd3+ 54. Qxd3 exd3 55. Ke1 Nf3+ 56. Kd1 Bb4 57. b3 d2 58. g4 Kg6 59. Kc2 Kg5
60. Kd1 Kxg4 61. Ke2 Ne1 62. Kd1 Kf3 63. a5 Nd3 64. a6 Nb2+ 65. Kc2 d1=Q+ 66.
Kxb2 Qd2+ 67. Kb1 Ba3 {White resigns} 0-1

[Event "Team 45 45 League T45"]
[Site "Internet Chess Club"]
[Date "2010.05.29"]
[Round "4"]
[White "sere"]
[Black "Mclintock45"]
[Result "0-1"]
[WhiteElo "1171"]
[BlackElo "1074"]
[Opening "Queen's pawn: English defense"]
[ECO "A40"]
[Time "09:08:22"]
[TimeControl "2700+45"]

1. d4 b6 2. e4 c5 3. Nf3 Nf6 4. Nc3 Bb7 5. e5 Nd5 6. Bc4 Nxc3 7. bxc3 e6 8. d5
Bxd5 9. Bxd5 exd5 10. Qxd5 Nc6 11. Ng5 Qe7 12. Nxf7 Qxf7 13. Qxf7+ Kxf7 14. Bf4
Be7 15. O-O-O Rhd8 16. Rhe1 c4 17. e6+ dxe6 18. Rxd8 Rxd8 19. Re3 Ba3+ 20. Kb1
Rd1# {White checkmated} 0-1

[Event "Team 45 45 League T45"]
[Site "Internet Chess Club"]
[Date "2010.05.29"]
[Round "4"]
[White "randallsr"]
[Black "Packerfan"]
[Result "1/2-1/2"]
[WhiteElo "1768"]
[BlackElo "1693"]
[Opening "English opening"]
[ECO "A05"]
[Time "15:00:21"]
[TimeControl "2700+45"]

1. Nf3 Nf6 2. c4 g6 3. b3 Bg7 4. Bb2 O-O 5. g3 d6 6. d3 e5 7. Nbd2 Nc6 8. Bg2
Nd7 9. Nh4 Nc5 10. Rb1 Bg4 11. Ne4 Nxe4 12. dxe4 Nd4 13. Nf3 Nxf3+ 14. exf3 Be6
15. Qc2 f5 16. Rd1 Qe7 17. Bc1 f4 18. g4 a5 19. Rd3 Bd7 20. Rc3 a4 21. h4 h6 22.
h5 g5 23. O-O axb3 24. axb3 b6 25. Bb2 Ra2 26. Ra1 Rxa1+ 27. Bxa1 Ra8 28. Qb1
Qd8 29. Rc2 Qb8 30. Ra2 Bf8 31. Bc3 b5 32. Bf1 Rxa2 33. Qxa2 b4 34. Bb2 c5 35.
Qa1 Bc6 {Game drawn by mutual agreement} 1/2-1/2

[Event "Team 45 45 League T45"]
[Site "Internet Chess Club"]
[Date "2010.05.28"]
[Round "4"]
[White "Eyechess"]
[Black "slowdown"]
[Result "1/2-1/2"]
[WhiteElo "1702"]
[BlackElo "1631"]
[Opening "English opening"]
[ECO "A20"]
[Time "19:31:16"]
[TimeControl "2700+45"]

1. c4 e5 2. g3 Nf6 3. Bg2 Nc6 4. Nc3 Bb4 5. Qc2 O-O 6. e3 d6 7. Nge2 Be6 8. b3
Qd7 9. O-O Bh3 10. Bb2 Bxg2 11. Kxg2 Bxc3 12. Bxc3 Nh5 13. d4 f5 14. dxe5 dxe5
15. Rad1 Qe6 16. f4 Rae8 17. Rfe1 Nf6 18. h3 exf4 19. exf4 Ne4 20. Bb2 h5 21.
Qd3 h4 22. Qd5 hxg3 23. Qxe6+ Rxe6 24. Nxg3 g6 25. Rd7 Rf7 26. Rxf7 Kxf7 27.
Nxe4 fxe4 28. Rd1 Rd6 29. Rxd6 cxd6 30. Bc3 Ke6 31. Kf2 d5 32. Ke3 Ne7 33. Be5
Nf5+ 34. Ke2 dxc4 35. bxc4 Kd7 36. Bb8 a6 37. Ba7 Kc6 38. a4 Kc7 39. a5 Kc6
{Game drawn by mutual agreement} 1/2-1/2

[Event "Team 45 45 League T45"]
[Site "Internet Chess Club"]
[Date "2010.05.27"]
[Round "4"]
[White "badmove"]
[Black "Tjet"]
[Result "1/2-1/2"]
[WhiteElo "1768"]
[BlackElo "1538"]
[Opening "Bird's opening"]
[ECO "A02"]
[Time "17:00:35"]
[TimeControl "2700+45"]

1. f4 e6 2. Nf3 d5 3. e3 c6 4. Be2 g6 5. d3 Bg7 6. O-O Nf6 7. a4 O-O 8. Nc3 a5
9. Qe1 b6 10. e4 dxe4 11. dxe4 Ba6 12. Be3 Bxe2 13. Qxe2 Qc7 14. h3 Na6 15. Rad1
Nb4 16. Qf2 c5 17. Ne5 Rad8 18. Nb5 Qb7 19. Nd6 Qa8 20. c3 Nc6 21. Nec4 Qb8 22.
Qc2 Ne8 23. e5 Nxd6 24. Rxd6 Rxd6 25. Nxd6 Ne7 26. c4 Nf5 27. Nxf5 exf5 28. Qb3
Qc7 29. Rd1 Rd8 30. Rd3 Bf8 31. Qd1 Rxd3 32. Qxd3 Be7 33. Kf2 Qd8 34. Ke2 Qxd3+
35. Kxd3 h5 36. Ke2 Kf8 37. Kf3 Ke8 38. g4 hxg4+ 39. hxg4 fxg4+ 40. Kxg4 Kd7 41.
f5 gxf5+ 42. Kxf5 Bh4 43. b3 Be7 44. Bg5 Bxg5 45. Kxg5 Ke6 46. Kf4 f6 47. exf6
Kxf6 48. Ke4 Ke6 49. Kf4 Kf6 50. Ke4 Ke6 51. Kf4 Kf6 {Game drawn by repetition}
1/2-1/2

[Event "Team 45 45 League T45"]
[Site "Internet Chess Club"]
[Date "2010.05.29"]
[Round "4"]
[White "chesskix"]
[Black "fuzzface"]
[Result "1-0"]
[WhiteElo "1373"]
[BlackElo "1388"]
[Opening "English: symmetrical variation"]
[ECO "A34"]
[Time "10:02:41"]
[TimeControl "2700+45"]

1. c4 c5 2. Nc3 e6 3. Nf3 Nc6 4. g3 Nf6 5. Bg2 Be7 6. O-O O-O 7. b3 a6 8. Bb2 h6
9. e3 d5 10. Ne2 Ne4 11. d3 Nd6 12. a3 Bf6 13. Bxf6 Qxf6 14. Rb1 dxc4 15. bxc4
e5 16. Nc3 Rb8 17. Nd5 Qd8 18. Nb6 Bg4 19. h3 Bxf3 20. Qxf3 Nc8 21. Nd5 b5 22.
cxb5 Rxb5 23. Nc3 Rxb1 24. Rxb1 Qxd3 25. Rc1 Qd2 26. Qd1 Qxd1+ 27. Rxd1 N8e7 28.
Nd5 Kh8 29. Rc1 Nxd5 30. Bxd5 Ne7 31. Bb7 Rb8 32. Bxa6 Ra8 33. Bb7 Rxa3 34. Rxc5
f6 35. Rc7 Ng6 36. Rc8+ Kh7 37. Be4 Ra4 38. Bf5 h5 39. h4 Kh6 40. Re8 Ra7 41.
Kg2 Re7 42. Bxg6 Rxe8 43. Bxe8 g5 44. hxg5+ Kxg5 45. f4+ exf4 46. exf4+ Kg4 47.
Bc6 Kf5 48. Bd7+ Kg6 49. Kf3 f5 50. Ke3 Kf6 51. Be8 Kg7 52. Bxh5 Kh6 53. Be8 Kg7
54. Kd4 Kf6 55. Kd5 {Black resigns} 1-0

[Event "Team 45 45 League T45"]
[Site "Internet Chess Club"]
[Date "2010.05.30"]
[Round "4"]
[White "BlunderJack"]
[Black "JWB"]
[Result "0-1"]
[WhiteElo "1627"]
[BlackElo "1715"]
[Opening "Grünfeld with e3 & Bd3"]
[ECO "D94"]
[Time "15:00:26"]
[TimeControl "2700+45"]

1. d4 Nf6 2. c4 g6 3. Nc3 d5 4. Nf3 Bg7 5. e3 O-O 6. Bd3 c5 7. h3 Nc6 8. cxd5
Nxd5 9. Nxd5 Qxd5 10. dxc5 Qxc5 11. O-O Be6 12. a3 Rac8 13. Qc2 Qxc2 14. Bxc2
Na5 15. Bd1 Nb3 16. Bxb3 Bxb3 17. Nd4 Bc4 18. Rd1 Rfd8 19. Rd2 e5 20. Nf3 Bd5
21. e4 Bxe4 22. Rxd8+ Rxd8 23. Be3 a6 24. Rc1 Bc6 25. Nd2 f5 26. Nb3 e4 27. Nc5
Bxb2 28. Rc2 Bxa3 29. Nxa6 bxa6 30. Rxc6 Ra8 31. Rc3 Bb4 32. Rc2 a5 33. Kf1 a4
34. Ke2 a3 35. Ra2 Bc3 36. Bd2 Bxd2 37. Kxd2 Kf7 38. Kc3 Ke6 39. Kb3 Kd5 40.
Rxa3 Rxa3+ 41. Kxa3 Kd4 42. Kb2 Kd3 43. Kc1 Ke2 44. Kc2 Kxf2 {White resigns} 0-1

[Event "Team 45 45 League T45"]
[Site "Internet Chess Club"]
[Date "2010.05.30"]
[Round "4"]
[White "philosopherking"]
[Black "quaksterjohny"]
[Result "1/2-1/2"]
[WhiteElo "1497"]
[BlackElo "1382"]
[Opening "QGD"]
[ECO "D52"]
[Time "18:02:35"]
[TimeControl "2700+45"]

1. d4 d5 2. c4 c6 3. Nc3 Nf6 4. Nf3 e6 5. Bg5 Nbd7 6. e3 Be7 7. Bd3 O-O 8. O-O
b6 9. Rc1 Bb7 10. cxd5 Nxd5 11. Bxe7 Qxe7 12. Ne4 Rac8 13. a3 c5 14. dxc5 Nxc5
15. Nxc5 Rxc5 16. Rxc5 Qxc5 17. Ne5 Rc8 18. Bxh7+ Kxh7 19. Qh5+ Kg8 20. Qxf7+
Kh7 21. Qxb7 Rc7 22. Qa6 Nxe3 23. Qd3+ Nf5 24. Nf3 Qc2 25. Ng5+ Kg6 26. Nxe6
Qxd3 27. Nf4+ Kf6 28. Nxd3 Rc2 29. g3 Rd2 30. Nb4 Rxb2 31. Ra1 Nd6 32. Nc6 a5
33. a4 Ne4 34. Nb8 Nc5 35. Nc6 Ke6 36. f4 Kf5 {Game drawn by mutual agreement}
1/2-1/2

[Event "Team 45 45 League T45"]
[Site "Internet Chess Club"]
[Date "2010.05.30"]
[Round "4"]
[White "Endgamer"]
[Black "rayngrant"]
[Result "1/2-1/2"]
[WhiteElo "1549"]
[BlackElo "1550"]
[Opening "French defense"]
[ECO "C00"]
[Time "21:00:57"]
[TimeControl "2700+45"]

1. e4 e6 2. Nf3 d5 3. exd5 exd5 4. d4 Bd6 5. Nbd2 Nf6 6. Ne5 O-O 7. Bd3 Bxe5 8.
dxe5 Ng4 9. Nf3 Nxe5 10. Nxe5 Re8 11. Bf4 f6 12. Qh5 g6 13. Bxg6 hxg6 14. Qxg6+
Kh8 15. Qh6+ Kg8 16. Qg6+ Kh8 17. Qh6+ Kg8 18. Qg6+ Kh8 19. Qh6+ {Game drawn by
repetition} 1/2-1/2

[Event "Team 45 45 League T45"]
[Site "Internet Chess Club"]
[Date "2010.05.29"]
[Round "4"]
[White "FractalDante"]
[Black "Zappy"]
[Result "1-0"]
[WhiteElo "1404"]
[BlackElo "1455"]
[Opening "Scotch game"]
[ECO "C45"]
[Time "10:01:23"]
[TimeControl "2700+45"]

1. e4 e5 2. Nf3 Nc6 3. d4 exd4 4. Nxd4 Nxd4 5. Qxd4 Nf6 6. e5 Qe7 7. Be2 Ng8 8.
Nc3 d6 9. exd6 Qxd6 10. Qe4+ Qe7 11. Bf4 Qxe4 12. Nxe4 Nf6 13. Nxf6+ gxf6 14.
Bxc7 Bc5 15. Rd1 O-O 16. O-O Be6 17. a3 b6 18. Rd3 Kh8 19. Rg3 Rg8 20. Rd1 Rxg3
21. Bxg3 Re8 22. Kf1 Bf5 23. Rd2 Kg7 24. b4 Be7 25. Bf4 h6 26. Bd3 Bxd3+ 27.
cxd3 Rd8 28. Ke2 Re8 29. Kd1 Rg8 30. d4 Kf8 31. Bxh6+ Ke8 32. g3 Kd7 33. Bf4 Bd6
34. Bxd6 Kxd6 35. Rd3 Rh8 36. h4 Kd5 37. Ke2 Re8+ 38. Re3 Rc8 39. Rd3 Rc2+ 40.
Rd2 Rxd2+ 41. Kxd2 Kxd4 42. f3 Ke5 43. Ke3 Kf5 44. g4+ Kg6 45. f4 f5 46. h5+ Kh6
47. gxf5 Kxh5 48. Ke4 Kh6 49. Ke5 Kg7 50. f6+ Kg6 51. f5+ Kg5 52. b5 Kg4 53. Kd6
Kxf5 54. Ke7 Kg6 55. a4 Kg5 56. Kxf7 Kf5 57. Kg7 Ke6 58. f7 Ke7 59. f8=Q+ Ke6
60. Qd8 Ke5 61. Kf7 Ke4 62. Qd6 Ke3 63. Qe5+ Kd3 64. Qf4 Kc3 65. Ke7 Kd3 66. Qb4
Ke3 67. Kd7 Kd3 68. Kc7 Ke3 69. Kb7 {Black resigns} 1-0

[Event "Team 45 45 League T45"]
[Site "Internet Chess Club"]
[Date "2010.05.31"]
[Round "4"]
[White "ILRE"]
[Black "Juan73"]
[Result "0-1"]
[WhiteElo "1528"]
[BlackElo "1696"]
[Opening "English opening"]
[ECO "A20"]
[Time "20:02:22"]
[TimeControl "2700+45"]

1. c4 e5 2. g3 Nf6 3. Bg2 Bc5 4. d3 c6 5. Nf3 d6 6. a3 Be6 7. Nc3 Bb6 8. O-O Qd7
9. Bg5 Bh3 10. Bxf6 gxf6 11. Ne4 Ke7 12. Qd2 h6 13. Rac1 Bxg2 14. Kxg2 f5 15.
Nc3 f6 16. Nh4 Kf7 17. e3 Qe6 18. Qe2 h5 19. Qf3 f4 20. exf4 Qg4 21. fxe5 dxe5
22. Ne4 Qxf3+ 23. Kxf3 Bc7 24. Nf5 Ke6 25. Ng7+ Kf7 26. Nf5 Ke6 27. Nh4 Nd7 28.
Ng2 f5 29. Ng5+ Kf6 30. h4 Rad8 31. b4 e4+ 32. dxe4 Ne5+ 33. Ke2 Rd4 34. exf5
Nxc4 35. Rfd1 Rhd8 36. Rxd4 Rxd4 37. Ne6 Rd2+ 38. Ke1 Bxg3 39. fxg3 Rxg2 40.
Rxc4 Rxg3 41. a4 Kxf5 42. Ng5 Re3+ 43. Kf2 Re5 44. Kf3 a5 45. Rc5 axb4 46. Rxe5+
Kxe5 47. Ne4 Kd4 48. Kf4 c5 49. a5 b3 50. Nd2 c4 51. Kf3 Kd3 52. Nb1 c3 53. Na3
c2 54. Nxc2 bxc2 55. Kf4 c1=Q+ 56. Kf5 Qc5+ 57. Kg6 Ke4 {White resigns} 0-1

[Event "Team 45 45 League T45"]
[Site "Internet Chess Club"]
[Date "2010.05.30"]
[Round "4"]
[White "PANAMA-REY"]
[Black "blizzard13"]
[Result "1-0"]
[WhiteElo "1462"]
[BlackElo "1422"]
[Opening "French: Winawer, advance variation"]
[ECO "C17"]
[Time "10:00:42"]
[TimeControl "2700+45"]

1. e4 e6 2. Nc3 d5 3. d4 Bb4 4. e5 c5 5. Nf3 Nc6 6. Bb5 Bd7 7. Bxc6 Bxc6 8. O-O
c4 9. Bg5 Be7 10. Qd2 h6 11. Be3 b5 12. h3 g5 13. Nh2 h5 14. f3 Kd7 15. a4 bxa4
16. Nxa4 f5 17. Nc5+ Bxc5 18. dxc5 f4 19. Bd4 Ne7 20. Bc3 Nf5 21. Ba5 Qb8 22. c3
Ng3 23. Rfe1 Qf8 24. Qf2 Qf5 25. Bb4 g4 26. fxg4 hxg4 27. Nxg4 Qxg4 28. Kh2 Ne4
29. Rxe4 dxe4 30. Qd4+ Bd5 31. c6+ Ke8 32. Qc5 Qg3+ 33. Kg1 Rxh3 34. Qe7# {Black
checkmated} 1-0

[Event "Team 45 45 League T45"]
[Site "Internet Chess Club"]
[Date "2010.05.31"]
[Round "4"]
[White "bigdill"]
[Black "Gunter"]
[Result "1-0"]
[WhiteElo "1008"]
[BlackElo "1125"]
[Opening "Philidor's defense"]
[ECO "C41"]
[Time "13:01:19"]
[TimeControl "2700+45"]

1. e4 e5 2. Nf3 d6 3. Bb5+ Bd7 4. Nc3 Bxb5 5. Nxb5 a6 6. Nc3 Nf6 7. O-O h6 8. d4
exd4 9. Nxd4 c5 10. Nf5 Nc6 11. Re1 Qd7 12. Bf4 Nxe4 13. Rxe4+ Ne7 14. Nxd6+ Kd8
15. Nxf7+ Ke8 16. Nxh8 Rd8 17. Ng6 Qxd1+ 18. Rxd1 Rxd1+ 19. Nxd1 Kd8 20. Nxf8
{Black resigns} 1-0

[Event "Team 45 45 League T45"]
[Site "Internet Chess Club"]
[Date "2010.05.28"]
[Round "4"]
[White "pedrin"]
[Black "tcianciola"]
[Result "1/2-1/2"]
[WhiteElo "1227"]
[BlackElo "1146"]
[Opening "Queen's gambit declined"]
[ECO "D30"]
[Time "10:00:26"]
[TimeControl "2700+45"]

1. d4 d5 2. c4 e6 3. Nf3 Nf6 4. g3 Bd6 5. c5 Be7 6. Bg2 Nc6 7. O-O O-O 8. Nc3 b6
9. cxb6 axb6 10. Bg5 h6 11. Bf4 Ba6 12. a4 Bd6 13. Bxd6 Qxd6 14. Nb5 Bxb5 15.
axb5 Na5 16. Qc2 Rfc8 17. Rfc1 Qb4 18. Ne5 Qxb5 19. e3 Rab8 20. Nc6 Nxc6 21.
Qxc6 Qxb2 22. Rcb1 Qe2 23. Bf1 Qf3 24. Ba6 Rf8 25. Qxc7 Ne4 26. Qf4 Ng5 27. Qxf3
Nxf3+ 28. Kg2 {Game drawn by mutual agreement} 1/2-1/2

[Event "Team 45 45 League T45"]
[Site "Internet Chess Club"]
[Date "2010.05.30"]
[Round "4"]
[White "kid6988"]
[Black "taldeital"]
[Result "0-1"]
[WhiteElo "1342"]
[BlackElo "1445"]
[Opening "Scandinavian (center counter) defense"]
[ECO "B01"]
[Time "18:56:40"]
[TimeControl "2700+45"]

1. e4 d5 2. exd5 Qxd5 3. Nc3 Qd8 4. d4 Nf6 5. Bg5 Bg4 6. Be2 Bf5 7. Nf3 c6 8.
Bc4 e6 9. O-O Be7 10. Re1 O-O 11. Ne5 Nbd7 12. Nxd7 Qxd7 13. Rc1 Rac8 14. Be3
Ng4 15. h3 Nxe3 16. Rxe3 Bg5 17. Rg3 Bxc1 18. Qxc1 Bg6 19. Bd3 Qxd4 20. Bxg6
hxg6 21. Rg4 Qe5 22. Rg5 Qd6 23. Ne4 Qd4 24. Rg4 Rfd8 25. c3 Qd1+ 26. Qxd1 Rxd1+
27. Kh2 f5 28. Rxg6 fxe4 29. Rxe6 Re1 30. f3 e3 31. b3 Rd8 32. Kg3 Kf7 {White
resigns} 0-1

[Event "Team 45 45 League T45"]
[Site "Internet Chess Club"]
[Date "2010.05.31"]
[Round "4"]
[White "dscvdchk"]
[Black "Deadly-Spike"]
[Result "1-0"]
[WhiteElo "1506"]
[BlackElo "1237"]
[Opening "Grünfeld: modern exchange variation"]
[ECO "D85"]
[Time "12:01:45"]
[TimeControl "2700+45"]

1. d4 Nf6 2. c4 g6 3. Nc3 d5 4. cxd5 Nxd5 5. e4 Nxc3 6. bxc3 Bg7 7. Nf3 c5 8.
Rb1 cxd4 9. cxd4 Bd7 10. Bc4 Qc7 11. Qb3 O-O 12. O-O Nc6 13. Qxb7 Qxb7 14. Rxb7
Bg4 15. Ne5 Bxe5 16. dxe5 Na5 17. Bd5 Nxb7 18. Bxb7 Rab8 19. Bd5 Rb1 20. f3 Rc8
21. Ba3 Rxf1+ 22. Kxf1 Bd7 23. Bxe7 Re8 24. Bd6 Be6 25. Kf2 Kg7 26. h4 f6 27. f4
fxe5 28. Bxe5+ Kf7 29. g3 Bxd5 30. exd5 Rd8 31. d6 Ke6 32. Kf3 Kf5 33. g4+ Ke6
34. Ke4 a6 35. f5+ gxf5+ 36. gxf5+ Kf7 37. Kd5 Rc8 38. d7 Rd8 39. Kc6 Ke7 40.
Bd6+ Kf6 41. Kc7 Rxd7+ 42. Kxd7 Kxf5 43. a4 Kg4 44. Be7 h5 45. a5 Kf5 46. Kc6
Ke6 47. Bg5 Ke5 48. Kb6 Kd6 49. Kxa6 Kc7 50. Kb5 Kb7 51. a6+ Kb8 52. Be3 Ka8 53.
Kc6 Kb8 54. Kd5 Kc7 55. Ke6 Kc6 56. Kf5 {Black resigns} 1-0

[Event "Team 45 45 League T45"]
[Site "Internet Chess Club"]
[Date "2010.05.29"]
[Round "4"]
[White "GiulioCre"]
[Black "j316chuck"]
[Result "0-1"]
[WhiteElo "1363"]
[BlackElo "1440"]
[Opening "King's Indian: East Indian defense"]
[ECO "A48"]
[Time "14:55:51"]
[TimeControl "2700+45"]

1. d4 Nf6 2. Nf3 g6 3. e3 d5 4. Bd3 Bg7 5. Nbd2 Nc6 6. c3 O-O 7. h3 Re8 8. O-O
e5 9. dxe5 Nxe5 10. Nxe5 Rxe5 11. Nf3 Re8 12. Re1 c5 13. Bb5 Bd7 14. Bxd7 Qxd7
15. b3 Ne4 16. Rb1 Nxc3 17. Qc2 Nxb1 18. Qxb1 Rad8 19. Ba3 c4 20. bxc4 dxc4 21.
Qb4 Bf8 22. Qc3 Bxa3 23. Qxa3 b5 24. Qc5 Rc8 25. Qg5 c3 26. Qh6 c2 27. Ng5 f6
28. Ne4 c1=Q 29. Nxf6+ Kf7 30. Qxh7+ Kxf6 31. Qh4+ Kg7 32. Rxc1 Rxc1+ 33. Kh2
Qd6+ 34. g3 Qd1 35. g4 Qg1# {White checkmated} 0-1

[Event "Team 45 45 League T45"]
[Site "Internet Chess Club"]
[Date "2010.05.29"]
[Round "4"]
[White "fishhead"]
[Black "Yedixon"]
[Result "1-0"]
[WhiteElo "2254"]
[BlackElo "1729"]
[Opening "Petrov: Cochrane gambit"]
[ECO "C42"]
[Time "15:23:14"]
[TimeControl "2700+45"]

1. e4 e5 2. Nf3 Nf6 3. Nxe5 d6 4. Nxf7 Kxf7 5. Bc4+ Be6 6. Bxe6+ Kxe6 7. O-O Be7
8. f4 Rf8 9. d4 Kf7 10. e5 Ne4 11. Qd3 d5 12. Nd2 Nxd2 13. Bxd2 Kg8 14. f5 Nd7
15. f6 gxf6 16. Bh6 Rf7 17. e6 Nc5 18. Qg3+ Kh8 {Black resigns} 1-0

[Event "Team 45 45 League T45"]
[Site "Internet Chess Club"]
[Date "2010.05.31"]
[Round "4"]
[White "Goli"]
[Black "tigereye"]
[Result "1-0"]
[WhiteElo "1816"]
[BlackElo "1852"]
[Opening "Alekhine's defense: exchange variation"]
[ECO "B03"]
[Time "15:09:28"]
[TimeControl "2700+45"]

1. e4 Nf6 2. e5 Nd5 3. d4 d6 4. c4 Nb6 5. exd6 exd6 6. Nc3 Be7 7. Bd3 Nc6 8.
Nge2 Bg4 9. Be3 O-O 10. O-O Bf6 11. b3 Re8 12. Qd2 g6 13. f3 Bd7 14. Rad1 Qe7
15. Bf2 Nb4 16. Bb1 a5 17. Rfe1 Bc6 18. d5 Bd7 19. a3 Na6 20. Nd4 Qf8 21. Ne4
Bg7 22. Qxa5 Nc5 23. Qb4 Nxe4 24. Bxe4 Bc8 25. Nb5 Re7 26. Bxb6 cxb6 27. Qxd6
Be5 28. Qxb6 Qh6 29. Qd8+ Kg7 30. Qxe7 Qxh2+ 31. Kf2 Bg3+ 32. Ke3 Bxe1 33. Rxe1
Qxg2 34. Qe5+ Kh6 35. Re2 Qg1+ 36. Kd2 Bd7 37. Rh2+ {Black resigns} 1-0

[Event "Team 45 45 League T45"]
[Site "Internet Chess Club"]
[Date "2010.05.29"]
[Round "4"]
[White "TheJaguar"]
[Black "randallsr"]
[Result "0-1"]
[WhiteElo "1526"]
[BlackElo "1772"]
[Opening "French defense"]
[ECO "C01"]
[Time "11:59:34"]
[TimeControl "2700+45"]

1. e4 e6 2. d4 b6 3. Nc3 Bb7 4. Nf3 Bb4 5. Bd3 h6 6. Bd2 Nf6 7. e5 Nd5 8. Nxd5
Bxd2+ 9. Nxd2 Bxd5 10. Be4 Bxe4 11. Nxe4 Qh4 12. Qf3 Nc6 13. c3 O-O 14. O-O a5
15. a4 Qd8 16. Qg3 Kh7 17. Qd3 Kh8 18. f4 Ne7 19. Ng3 d6 20. Rf2 Qd7 21. b3 Rad8
22. Qe3 Nf5 23. Nxf5 exf5 24. Raf1 Rde8 25. c4 Re6 26. Qh3 Rg6 27. Rd1 Re8 28.
Rf3 Rg4 29. g3 dxe5 30. fxe5 Rxd4 31. Rxd4 Qxd4+ 32. Kh1 Rxe5 33. Rxf5 Qe4+
{White resigns} 0-1

[Event "Team 45 45 League T45"]
[Site "Internet Chess Club"]
[Date "2010.05.28"]
[Round "4"]
[White "room-matt"]
[Black "badmove"]
[Result "1/2-1/2"]
[WhiteElo "1728"]
[BlackElo "1766"]
[Opening "Vienna game"]
[ECO "C28"]
[Time "16:15:25"]
[TimeControl "2700+45"]

1. e4 e5 2. Bc4 Nc6 3. Nc3 Nf6 4. d3 Bc5 5. f4 d6 6. Nf3 Bg4 7. Na4 O-O 8. Nxc5
dxc5 9. c3 Qd7 10. h3 Bxf3 11. Qxf3 Rad8 12. Bb5 Rfe8 13. Be3 a6 14. Bxc6 Qxc6
15. O-O-O c4 16. dxc4 Qxc4 17. Rxd8 Rxd8 18. Rd1 Rxd1+ 19. Qxd1 h6 {Game drawn
by mutual agreement} 1/2-1/2

[Event "Team 45 45 League T45"]
[Site "Internet Chess Club"]
[Date "2010.06.01"]
[Round "4"]
[White "LucaTrapani"]
[Black "Zumbi"]
[Result "1-0"]
[WhiteElo "2110"]
[BlackElo "1996"]
[Opening "Queen's gambit declined"]
[ECO "D30"]
[Time "09:21:36"]
[TimeControl "2700+45"]

1. d4 d5 2. c4 e6 3. Nf3 Nf6 4. g3 Bb4+ 5. Bd2 Be7 6. Bg2 O-O 7. O-O c6 8. Qc2
b6 9. Rd1 Bb7 10. Bf4 Nbd7 11. Nc3 Rc8 12. Ne5 Nh5 13. Bc1 f5 14. Qa4 Nxe5 15.
dxe5 a6 16. Qb3 b5 17. e4 fxe4 18. Bh3 Qd7 19. cxd5 cxd5 20. Nxd5 Bxd5 21. Rxd5
Qc6 22. Rd1 Kh8 23. Bxe6 Rcd8 24. Be3 Qc7 25. Bd4 Rxd4 26. Rxd4 Bc5 27. Rxe4
Rxf2 28. Kh1 g6 29. Qd5 Qe7 30. Rd1 Bb6 31. Qa8+ Rf8 32. Qc6 Bc5 33. Bh3 Bf2 34.
Qc3 Kg8 35. Rd7 Qg5 36. Rg4 Qf5 37. Qd3 Qxe5 38. Rxg6+ Kh8 39. Rg8+ {Black
resigns} 1-0

[Event "Team 45 45 League T45"]
[Site "Internet Chess Club"]
[Date "2010.05.31"]
[Round "4"]
[White "eagleeye222001"]
[Black "ghostfire"]
[Result "1/2-1/2"]
[WhiteElo "1760"]
[BlackElo "1712"]
[Opening "Queen's pawn, Mason variation, Steinitz counter-gambit"]
[ECO "D00"]
[Time "22:18:52"]
[TimeControl "2700+45"]

1. d4 d5 2. Bf4 c5 3. c3 e6 4. Nf3 Nf6 5. h3 Nc6 6. Nbd2 cxd4 7. cxd4 Qb6 8. Nb3
Bb4+ 9. Bd2 Ne4 10. e3 Bxd2+ 11. Nfxd2 Qb4 12. Be2 O-O 13. O-O Nxd2 14. Qxd2 Qe7
15. Rfc1 Qg5 16. Kh1 e5 17. dxe5 Qxe5 18. Rc5 Be6 19. Bf3 Rad8 20. Rd1 Ne7 21.
e4 b6 22. Rc2 g6 23. Qb4 Rfe8 24. Qa4 dxe4 25. Re1 f5 26. Qxa7 Ra8 27. Qxb6 Rxa2
28. Nc5 Rb8 29. Qxe6+ Qxe6 30. Nxe6 exf3 31. g3 Raxb2 32. Rxb2 Rxb2 33. Kg1 Nd5
34. Nd4 Nc3 35. Nxf3 Ne4 36. Rf1 Nd2 37. Nxd2 Rxd2 38. Ra1 Rd7 39. Kg2 Kg7 40.
g4 fxg4 41. hxg4 Re7 42. Ra6 g5 43. Kg3 Rf7 44. Ra5 Kg6 45. Ra6+ Rf6 46. Rxf6+
Kxf6 47. Kf3 Ke5 48. Ke3 h6 49. f3 Kf6 50. Kd4 Kg6 51. Ke4 h5 52. gxh5+ Kxh5 53.
Ke5 g4 54. fxg4+ Kxg4 {Game drawn because neither player has mating material}
1/2-1/2